[Event "November 21 Early 2023"]
[Site "https://www.chess.com"]
[Date "2023.11.21"]
[Round "11"]
[White "LangesNasenhaar"]
[Black "Jovic, Stanoje"]
[Result "0-1"]
[Board "81"]
[TimeControl "180+1"]
[BlackFideId "905020"]
[WhiteElo "2449"]
[BlackElo "2249"]
[BlackTeam "SRB"]
[WhiteClock "0:00:00"]
[BlackClock "0:00:33"]

1. d4 Nf6 2. Nc3 d5 3. Bf4 e6 4. Nb5 Na6 5. e3 c5 6. c3 Be7 7. Nf3 O-O 8. h4 Ne4 9. Bd3 Qb6 10. a4 Bd7 11. h5 c4 12. Bxe4 dxe4 13. Nd2 Bxb5 14. axb5 Qxb5 15. Qc2 f5 16. O-O Rac8 17. Ra2 Qe8 18. Qa4 Qxh5 19. Nxc4 g5 20. Be5 f4 21. Qd7 Qf7 22. Qxb7 Rxc4 23. Rxa6 fxe3 24. Qxe4 exf2+ 25. Kh1 Qf5 26. Qxf5 Rxf5 27. Rxe6 Kf7 28. Rh6 Ra4 29. Rxh7+ Ke6 30. Bg3 Ra2 31. b3 g4 32. c4 Bg5 33. d5+ Kf6 34. d6 Ke6 35. c5 Rxc5 36. Rg7 Bf6 37. Rh7 Rf5 38. d7 Rd2 39. Bc7 Rxd7 40. Rxd7 Kxd7 41. Bg3 Rh5+ 42. Bh2 g3 0-1

[Event "November 21 Early 2023"]
[Site "https://www.chess.com"]
[Date "2023.11.21"]
[Round "11"]
[White "Gutkin, Ilya"]
[Black "Graca, Robert"]
[Result "1-0"]
[Board "82"]
[TimeControl "180+1"]
[WhiteFideId "16203470"]
[BlackFideId "644943"]
[WhiteElo "2248"]
[BlackElo "2204"]
[WhiteTeam "GER"]
[BlackTeam "FRA"]
[WhiteClock "0:00:12"]
[BlackClock "0:00:09"]

1. e4 c5 2. Nf3 d6 3. Bb5+ Bd7 4. a4 Nf6 5. O-O Nxe4 6. Re1 Nf6 7. d4 cxd4 8. Nxd4 a6 9. Bc4 e6 10. Qf3 Nc6 11. Nf5 Ne5 12. Rxe5 dxe5 13. Ne3 Bc6 14. Qg3 Qc7 15. Nc3 Rc8 16. b3 e4 17. Qh4 Be7 18. Bb2 h6 19. Ng4 Nxg4 20. Qxg4 Bf6 21. Bxe6 fxe6 22. Qxe6+ Kf8 23. Ba3+ Be7 24. Bxe7+ Qxe7 25. Qxc8+ Qe8 26. Qxe8+ Kxe8 27. Nxe4 Kf7 28. Nd6+ Kf6 29. Nc4 Re8 30. Kf1 g5 31. f3 h5 32. Re1 Rd8 33. h3 Be8 34. Ke2 Bg6 35. Rd1 Rc8 36. Rd2 b5 37. axb5 axb5 38. Nd6 Rxc2 39. Rxc2 Bxc2 40. b4 Ke5 41. Nxb5 Kd5 42. Nc3+ Kc4 43. Kd2 Bd3 44. b5 Bf1 45. Ne4 Bxg2 46. Nxg5 Kxb5 47. Ke2 Kc5 48. Kf2 Bxh3 49. Nxh3 Kd5 50. Kg3 Ke5 51. Kh4 Kf5 52. Kxh5 Kf6 53. Kg4 Kf7 54. Kf5 Kg7 55. Ke6 Kf8 56. Kf6 Ke8 57. f4 Kf8 58. f5 Kg8 59. Ke7 Kh8 60. f6 Kg8 61. f7+ Kh8 62. f8=Q+ Kh7 63. Qf5+ Kh8 64. Qg5 1-0

[Event "November 21 Early 2023"]
[Site "https://www.chess.com"]
[Date "2023.11.21"]
[Round "11"]
[White "Gavrilov, Maxim"]
[Black "Bashirli, Saadat"]
[Result "1-0"]
[Board "83"]
[TimeControl "180+1"]
[WhiteFideId "24271454"]
[BlackFideId "13429990"]
[WhiteElo "2157"]
[BlackElo "1537"]
[WhiteTeam "RUS"]
[BlackTeam "AZE"]
[WhiteClock "0:00:17"]
[BlackClock "0:00:00"]

1. d4 d5 2. c4 c6 3. Nc3 Nf6 4. e3 Bf5 5. cxd5 cxd5 6. Qb3 Qb6 7. Nxd5 Nxd5 8. Qxd5 e6 9. Qb5+ Nc6 10. Bd2 Be7 11. Nf3 O-O 12. a3 Rfd8 13. Qxb6 axb6 14. Bb5 Be4 15. O-O Rd5 16. Bc4 Rh5 17. Ne1 Bd6 18. g3 e5 19. f3 Bg6 20. d5 Ne7 21. e4 f5 22. exf5 Rxf5 23. Ng2 Bf7 24. Ne3 Bc5 25. Kg2 Bxe3 26. Bxe3 Bxd5 27. Rac1 Raf8 28. Bxd5+ Nxd5 29. Bg1 R5f6 30. Rfd1 Ne7 31. Rd7 Nc6 32. Rxb7 Na5 33. Rxb6 Rxf3 34. Rc7 Nb3 35. Rbb7 Kh8 36. Rxg7 R8f7 37. Rgxf7 Rxf7 38. Rxf7 Nd2 39. Rd7 1-0

[Event "November 21 Early 2023"]
[Site "https://www.chess.com"]
[Date "2023.11.21"]
[Round "11"]
[White "topce"]
[Black "Pinto, Daniel"]
[Result "0-1"]
[Board "84"]
[TimeControl "180+1"]
[BlackFideId "3303144"]
[WhiteElo "2444"]
[BlackElo "2149"]
[BlackTeam "BOL"]
[WhiteClock "0:01:16"]
[BlackClock "0:00:16"]

1. c4 e5 2. Nc3 Nc6 3. Nf3 Nf6 4. e4 Bc5 5. Nxe5 Nxe5 6. d4 Bd6 7. c5 Bxc5 8. dxe5 Ng8 9. Qg4 g6 10. Bg5 f6 11. exf6 Nxf6 12. Qh4 Be7 13. e5 Nd5 14. Bxe7 Qxe7 15. Qxe7+ Nxe7 16. f4 O-O 17. g3 d6 18. exd6 cxd6 19. Bc4+ Kg7 20. O-O-O Rd8 21. Rhe1 Nc6 22. Nd5 Bg4 23. Be2 Bxe2 24. Rxe2 Rac8 25. Kb1 Re8 26. Red2 Na5 27. b3 b5 28. Nb4 Re3 29. Rxd6 Kh6 30. Rd7 Nc6 31. Nd5 Re2 32. Nf6 g5 33. f5 Ne7 34. Rxe7 Rxe7 35. Rd2 Kg7 36. Nd5 Rd7 37. f6+ Kf7 38. b4 Rcd8 39. Re2 Rxd5 40. Re7+ Kxf6 41. Rxa7 Rd2 42. Ra6+ Kf5 43. Ra5 Rg2 44. Rxb5+ Kg4 45. Rc5 Rd1+ 46. Rc1 Rxc1+ 47. Kxc1 Rxa2 48. Kb1 Ra4 49. Kb2 Rxb4+ 50. Kc3 Rb8 51. Kd3 Rf8 52. Ke3 Kh3 53. g4 Kxh2 54. Ke4 Kg3 55. Ke5 Kxg4 56. Ke6 Rf4 57. Ke7 h5 58. Ke6 h4 59. Ke5 h3 60. Ke6 h2 61. Ke5 h1=Q 62. Ke6 Qe1+ 63. Kd5 Rf2 64. Kc4 Rd2 65. Kb3 Qc1 66. Ka4 Rb2 0-1

[Event "November 21 Early 2023"]
[Site "https://www.chess.com"]
[Date "2023.11.21"]
[Round "11"]
[White "Ishbaev, Alibek"]
[Black "Herman, Matthew"]
[Result "0-1"]
[Board "85"]
[TimeControl "180+1"]
[WhiteFideId "14205017"]
[BlackFideId "2028964"]
[WhiteElo "2423"]
[BlackElo "2368"]
[WhiteTeam "UZB"]
[BlackTeam "USA"]
[WhiteClock "0:00:09"]
[BlackClock "0:00:05"]

1. c4 Nf6 2. Nc3 g6 3. e4 d6 4. g3 Bg7 5. Bg2 O-O 6. Nge2 c5 7. O-O Nc6 8. d3 Ne8 9. h3 Nc7 10. Be3 e5 11. Qd2 Ne6 12. Bh6 a6 13. Bxg7 Kxg7 14. f4 f6 15. Rf2 Rb8 16. Raf1 b5 17. b3 b4 18. Nd5 Rb7 19. f5 gxf5 20. Rxf5 Rbf7 21. g4 Ned4 22. Nxd4 exd4 23. Rh5 Ne5 24. Qh6+ Kh8 25. Rxf6 Nxd3 26. Rxd6 Qe8 27. Nf6 Qe7 28. g5 Nf4 29. Rh4 Ne6 30. e5 Rg7 31. Rh5 Nf4 32. Be4 Nxh5 33. Qxh5 Rxf6 34. Rxf6 Be6 35. Qh6 Bg8 36. h4 Qxe5 37. Bf5 Qg3+ 38. Kf1 Qf3+ 39. Ke1 Qe3+ 40. Kd1 d3 41. Bxh7 Qe2+ 42. Kc1 Qc2# 0-1

[Event "November 21 Early 2023"]
[Site "https://www.chess.com"]
[Date "2023.11.21"]
[Round "11"]
[White "vishwa_vijeta"]
[Black "Kozelov, Roman"]
[Result "1/2-1/2"]
[Board "86"]
[TimeControl "180+1"]
[BlackFideId "14133377"]
[WhiteElo "2519"]
[BlackElo "2149"]
[BlackTeam "UKR"]
[WhiteClock "0:01:33"]
[BlackClock "0:02:06"]

1. e4 e6 2. d4 d5 3. Bd3 dxe4 4. Bxe4 Nf6 5. Bf3 Bd6 6. Ne2 O-O 7. h3 c6 8. O-O Nbd7 9. Bf4 e5 10. dxe5 Bxe5 11. Nbc3 Qc7 12. Qd2 Nc5 13. Rfe1 Bxf4 14. Nxf4 Bf5 15. Qd4 Ne6 16. Nxe6 Bxe6 17. Qh4 Rad8 18. Ne4 Nxe4 19. Bxe4 g6 20. Bd3 Qb6 21. Qf6 Qd4 1/2-1/2

[Event "November 21 Early 2023"]
[Site "https://www.chess.com"]
[Date "2023.11.21"]
[Round "11"]
[White "Bilan, Danila"]
[Black "Ljukin, Sergei"]
[Result "0-1"]
[Board "87"]
[TimeControl "180+1"]
[WhiteFideId "24161918"]
[BlackFideId "14102200"]
[WhiteElo "2146"]
[BlackElo "2312"]
[WhiteTeam "RUS"]
[BlackTeam "UKR"]
[WhiteClock "0:00:00"]
[BlackClock "0:00:16"]

1. d4 d5 2. Nf3 Nf6 3. c4 c6 4. Nc3 dxc4 5. a4 Bf5 6. e3 e6 7. Bxc4 Bb4 8. O-O Nbd7 9. Qe2 O-O 10. e4 Bg4 11. e5 Nd5 12. Ne4 c5 13. h3 Bxf3 14. Qxf3 cxd4 15. Qg3 f5 16. exf6 N7xf6 17. Ng5 Qd7 18. Qe5 Rae8 19. Bb5 Qd6 20. Qxd6 Bxd6 21. Bxe8 Rxe8 22. Rd1 e5 23. f3 h6 24. Ne4 Nxe4 25. fxe4 Nf6 26. Re1 Rc8 27. Kf2 Rc2+ 28. Kf3 d3 29. Be3 Rxb2 30. Red1 Rb3 31. Rab1 Ra3 32. Rxb7 Rxa4 33. Rxd3 Nxe4 34. Rxa7 Rxa7 35. Bxa7 Ng5+ 36. Kg4 Be7 37. Kf5 Kh7 38. Rd7 Bf6 39. Bb6 Nf7 0-1

[Event "November 21 Early 2023"]
[Site "https://www.chess.com"]
[Date "2023.11.21"]
[Round "11"]
[White "Orlov, Georgi"]
[Black "secrethawk1"]
[Result "0-1"]
[Board "88"]
[TimeControl "180+1"]
[WhiteFideId "2011271"]
[WhiteElo "2511"]
[BlackElo "2409"]
[WhiteTeam "USA"]
[WhiteClock "0:00:44"]
[BlackClock "0:01:13"]

1. d4 Nf6 2. Nf3 e6 3. c4 b6 4. g3 Bb7 5. Bg2 Be7 6. O-O O-O 7. d5 exd5 8. Nh4 c6 9. cxd5 Nxd5 10. Nf5 Nc7 11. e4 d5 12. Nc3 Bf6 13. Bf4 d4 14. e5 dxc3 15. exf6 Qxf6 16. Nxg7 cxb2 17. Rb1 Qxg7 18. Bxc7 Na6 19. Bf4 Rad8 20. Qc2 Nc5 21. Rxb2 Ba6 22. Rd1 Rxd1+ 0-1

[Event "November 21 Early 2023"]
[Site "https://www.chess.com"]
[Date "2023.11.21"]
[Round "11"]
[White "Kovalyov_Eduard"]
[Black "Viskelis, Darius"]
[Result "1-0"]
[Board "89"]
[TimeControl "180+1"]
[BlackFideId "12800830"]
[WhiteElo "2507"]
[BlackElo "1859"]
[BlackTeam "LTU"]
[WhiteClock "0:00:41"]
[BlackClock "0:00:00"]

1. Nf3 d5 2. g3 g6 3. Bg2 Bg7 4. O-O e5 5. d3 Ne7 6. Nbd2 O-O 7. e4 c6 8. c3 Bg4 9. h3 dxe4 10. dxe4 Bxf3 11. Qxf3 a5 12. a4 Na6 13. Qe2 Nc5 14. Rd1 Qd3 15. Qxd3 Nxd3 16. Nc4 Nxc1 17. Raxc1 b5 18. Rd7 bxc4 19. Rxe7 Rfb8 20. Rc2 Rb6 21. Bf1 Rab8 22. Bxc4 Rxb2 23. Rxb2 Rxb2 24. Rxf7 Rc2 25. Rc7+ Kf8 26. Rf7+ Kg8 27. Rf6+ Kh8 28. Rxc6 Bh6 29. Bd5 Bd2 30. c4 Be1 31. Rc8+ Kg7 32. Rg8+ Kh6 33. Rf8 Bb4 34. Rf3 Bc5 35. h4 Ra2 36. Rf7 Rxa4 37. g4 Ra2 38. Kg2 Rb2 39. Kg3 a4 40. g5+ 1-0

[Event "November 21 Early 2023"]
[Site "https://www.chess.com"]
[Date "2023.11.21"]
[Round "11"]
[White "Bobomurodova, Maftuna"]
[Black "Koepke, Christian"]
[Result "0-1"]
[Board "90"]
[TimeControl "180+1"]
[WhiteFideId "14207400"]
[BlackFideId "4655737"]
[WhiteElo "1814"]
[BlackElo "2238"]
[WhiteTeam "UZB"]
[BlackTeam "GER"]
[WhiteClock "0:00:00"]
[BlackClock "0:00:05"]

1. e4 c6 2. d4 d5 3. Nd2 dxe4 4. Nxe4 Bf5 5. Ng3 Bg6 6. Nh3 Nd7 7. Nf4 e5 8. dxe5 Qa5+ 9. c3 Qxe5+ 10. Qe2 O-O-O 11. Qxe5 Nxe5 12. Nxg6 hxg6 13. Be3 Ng4 14. Bxa7 Rxh2 15. Rxh2 Nxh2 16. Be3 Ng4 17. Bb6 Re8+ 18. Be2 N8f6 19. Kd2 Bd6 20. Rh1 Bf4+ 21. Ke1 Bxg3 22. fxg3 Nd5 23. Bd4 Nge3 24. Kf2 Nf5 25. Bg4 Kc7 26. Bxf5 gxf5 27. Bxg7 Ne3 28. Bd4 Nc4 29. Rh7 Re7 30. b3 Nd2 31. g4 fxg4 32. Kg3 c5 33. Bh8 Ne4+ 34. Kf4 Nd6 35. Be5 Kc6 36. Bxd6 Kxd6 37. Rh6+ Kd5 38. Rh5+ Kc6 39. Kxg4 Re2 40. Kf3 Rxa2 41. Rf5 Rb2 42. b4 cxb4 43. cxb4 Rxb4 44. Rxf7 Rb1 45. Kg4 b5 46. Rf8 b4 47. Rb8 b3 48. Kg5 Kc5 49. g4 Kc4 50. Kf6 Rf1+ 51. Kg6 Kc3 52. g5 b2 53. Kh7 Rh1+ 54. Kg7 b1=Q 55. Rxb1 Rxb1 56. g6 Kd4 57. Kh8 Rh1+ 58. Kg8 Ke5 59. g7 Kf6 60. Kf8 Ra1 61. g8=N+ Ke6 62. Kg7 Rg1+ 63. Kf8 Rf1+ 64. Kg7 Rg1+ 65. Kf8 Rg2 66. Nh6 Rg6 67. Ng8 Rg5 68. Nh6 Ra5 69. Ng8 Ra7 70. Nh6 Kf6 71. Ng8+ Kg6 72. Ne7+ Kf6 73. Ng8+ Ke6 74. Nh6 Rb7 75. Ng8 Rf7+ 76. Ke8 Rg7 0-1

[Event "November 21 Early 2023"]
[Site "https://www.chess.com"]
[Date "2023.11.21"]
[Round "11"]
[White "AlmasRakhmatullaev"]
[Black "ATM622"]
[Result "1/2-1/2"]
[Board "91"]
[TimeControl "180+1"]
[WhiteElo "2809"]
[BlackElo "2442"]
[WhiteClock "0:00:11"]
[BlackClock "0:00:04"]

1. e4 c6 2. Nf3 d5 3. Nc3 dxe4 4. Nxe4 Bf5 5. Qe2 Nf6 6. Nxf6+ gxf6 7. d3 Nd7 8. g3 e5 9. Bg2 Bd6 10. Bd2 Qe7 11. Bc3 Bb4 12. Qd2 Bxc3 13. Qxc3 a5 14. O-O-O Qb4 15. Kd2 O-O-O 16. Rhe1 Nb6 17. Qxb4 axb4 18. Kc1 h5 19. Nh4 Be6 20. Kb1 Kc7 21. f4 Ra8 22. b3 exf4 23. gxf4 Rhe8 24. Bf3 Bg4 25. Rxe8 Rxe8 26. Rf1 Bxf3 27. Nxf3 Nd5 28. Nd4 Kb6 29. Kb2 c5 30. Nf3 Re2 31. f5 Kc7 32. h4 Kd6 33. Rc1 Rf2 34. Ng1 Nf4 35. Rd1 Ke5 36. Re1+ Kxf5 37. Rd1 Kg4 38. d4 b6 39. d5 Kf5 40. d6 Ne6 41. d7 Nd8 42. Nh3 Rh2 43. Rd5+ Ke4 44. Rxh5 Rxh3 45. Rh8 Kd5 46. Rxd8 Kd6 47. Rf8 Kxd7 48. Rxf7+ Ke6 49. Rb7 Rxh4 50. Rxb6+ Ke5 51. a3 bxa3+ 52. Kxa3 f5 53. Rb5 Kd4 54. c3+ Kd5 55. b4 f4 56. Rxc5+ Ke4 57. b5 Rh1 58. Kb3 Rb1+ 59. Kc4 f3 60. Rc8 f2 61. Re8+ Kf3 62. Rf8+ Ke2 63. Kc5 f1=Q 64. Rxf1 Kxf1 65. b6 Ke2 66. c4 Kd3 67. Kc6 Kxc4 68. b7 Kd4 69. Kc7 Kc5 70. b8=Q Rxb8 71. Kxb8 1/2-1/2

[Event "November 21 Early 2023"]
[Site "https://www.chess.com"]
[Date "2023.11.21"]
[Round "11"]
[White "Minko, Dmitry"]
[Black "reevecanada"]
[Result "0-1"]
[Board "92"]
[TimeControl "180+1"]
[WhiteFideId "24188468"]
[WhiteElo "1992"]
[BlackElo "2666"]
[WhiteTeam "FID"]
[WhiteClock "0:02:20"]
[BlackClock "0:02:32"]

1. e4 c5 2. Nf3 d6 3. d4 cxd4 4. Nxd4 Nf6 5. Nc3 a6 6. f3 e5 7. Be3 exd4 8. Qxd4 Nc6 9. Qd2 Be6 10. O-O-O Be7 11. g4 b5 12. h4 b4 13. Na4 Nd7 14. g5 Nc5 15. Nxc5 dxc5 16. Qf2 Qa5 17. b3 Qxa2 18. Bd3 c4 19. bxc4 b3 20. cxb3 Ba3+ 0-1

[Event "November 21 Early 2023"]
[Site "https://www.chess.com"]
[Date "2023.11.21"]
[Round "11"]
[White "ploxoi"]
[Black "Ambartsumova, Karina"]
[Result "0-1"]
[Board "93"]
[TimeControl "180+1"]
[BlackFideId "4166299"]
[WhiteElo "2434"]
[BlackElo "2240"]
[BlackTeam "RUS"]
[WhiteClock "0:01:41"]
[BlackClock "0:01:25"]

1. d4 Nf6 2. c4 e6 3. g3 d5 4. Nf3 dxc4 5. Bg2 Nc6 6. O-O Rb8 7. Bg5 b5 8. e3 Be7 9. a4 a6 10. Qc1 Nb4 11. Ne5 Bb7 12. Bxb7 Rxb7 13. b3 cxb3 14. axb5 Rxb5 15. Nd2 O-O 16. Nxb3 Qd5 17. Nd2 c5 18. Nef3 cxd4 19. Nxd4 Qxg5 0-1

[Event "November 21 Early 2023"]
[Site "https://www.chess.com"]
[Date "2023.11.21"]
[Round "11"]
[White "Herman, Daniel"]
[Black "Belov, Alexei"]
[Result "0-1"]
[Board "94"]
[TimeControl "180+1"]
[WhiteFideId "30935008"]
[BlackFideId "4128206"]
[WhiteElo "1897"]
[BlackElo "2599"]
[WhiteTeam "USA"]
[BlackTeam "RUS"]
[WhiteClock "0:00:02"]
[BlackClock "0:00:07"]

1. e4 e6 2. d4 d5 3. Nc3 Nf6 4. e5 Ne4 5. Nxe4 dxe4 6. Bc4 a6 7. d5 b5 8. Bb3 Bb7 9. dxe6 Qxd1+ 10. Kxd1 fxe6 11. Ne2 Nd7 12. Nf4 Nxe5 13. Nxe6 Bd6 14. Nxg7+ Kd7 15. Be6+ Ke7 16. Bg5+ Kf8 17. Nf5 Bc5 18. Bf6 Nf7 19. Bxh8 Nxh8 20. Ke2 Ng6 21. g3 Re8 22. Bb3 e3 23. f3 Ne5 24. Rhf1 Bb6 25. Rad1 Bc8 26. Nh4 Bh3 27. Rfe1 c6 28. Rd6 Bd8 29. Red1 Bxh4 30. gxh4 Bg2 31. Rf6+ Kg7 32. Rf5 Kg6 33. Rxe5 Rxe5 34. Rg1 Kh5 35. Rxg2 Kxh4 36. Rg3 c5 37. Bf7 c4 38. c3 a5 39. f4 Rf5 40. Be6 Rxf4 41. Kxe3 Rf6 42. Bd5 h5 43. Be4 Rd6 44. Rf3 b4 45. Bf5 Kg5 46. Be4 Rd1 47. Rf2 Re1+ 48. Kd4 b3 49. axb3 cxb3 50. Bd5 a4 51. Bc6 Rg1 52. Bxa4 Rg4+ 53. Kc5 Rxa4 54. c4 Kg4 55. Kb5 Ra1 56. c5 Rc1 57. Re2 Rc2 58. Re4+ Kf3 59. Rb4 Rxb2 60. c6 Kg2 61. c7 Rc2 62. Rc4 Rxc4 63. Kxc4 b2 64. c8=Q b1=Q 65. Qc6+ Kxh2 66. Qd6+ Kh3 67. Qd3+ Qxd3+ 68. Kxd3 Kg2 69. Ke2 h4 0-1

[Event "November 21 Early 2023"]
[Site "https://www.chess.com"]
[Date "2023.11.21"]
[Round "11"]
[White "Santos Flores, Alberto"]
[Black "Kubatko, Ivan"]
[Result "1/2-1/2"]
[Board "95"]
[TimeControl "180+1"]
[WhiteFideId "3601234"]
[BlackFideId "24111473"]
[WhiteElo "2235"]
[BlackElo "2285"]
[WhiteTeam "ECU"]
[BlackTeam "RUS"]
[WhiteClock "0:00:15"]
[BlackClock "0:00:04"]

1. e4 d5 2. exd5 Qxd5 3. Nf3 Nf6 4. d4 Bg4 5. Be2 Nc6 6. Be3 O-O-O 7. Nbd2 Qf5 8. c4 e5 9. d5 Nb4 10. O-O Nc2 11. Nh4 Bxe2 12. Nxf5 Bxd1 13. Raxd1 Nxe3 14. fxe3 Nd7 15. e4 g6 16. Ng3 Bc5+ 17. Kh1 f6 18. a3 a5 19. Rb1 a4 20. Rbe1 Rhf8 21. Nb1 Bd4 22. Re2 Nc5 23. Rd2 f5 24. exf5 gxf5 25. Rxf5 Rxf5 26. Nxf5 Rf8 27. g4 Ne4 28. Re2 Nf2+ 29. Kg2 Nxg4 30. Nxd4 exd4 31. Nd2 Ne3+ 32. Kg3 Nf5+ 33. Kf4 d3 34. Re5 Nd6+ 35. Ke3 Rg8 36. Kxd3 Rg2 37. Rh5 Nf7 38. Rxh7 Ne5+ 39. Kc3 Ng4 40. h4 Rg3+ 41. Kd4 Nf2 42. h5 Rd3+ 43. Ke5 Rxd2 44. h6 Ng4+ 45. Kf5 Nxh6+ 46. Rxh6 Rxb2 47. Ke5 Rb3 48. Rh8+ Kd7 49. Rh7+ Kc8 50. Rh8+ Kd7 51. Rh7+ Kc8 52. Rh8+ 1/2-1/2

[Event "November 21 Early 2023"]
[Site "https://www.chess.com"]
[Date "2023.11.21"]
[Round "11"]
[White "Redzisz, Michal"]
[Black "Ovezdurdyyeva, Jemal"]
[Result "1-0"]
[Board "96"]
[TimeControl "180+1"]
[WhiteFideId "21816107"]
[BlackFideId "14001888"]
[WhiteElo "2068"]
[BlackElo "2086"]
[WhiteTeam "POL"]
[BlackTeam "TKM"]
[WhiteClock "0:00:12"]
[BlackClock "0:00:53"]

1. d4 Nf6 2. c4 b6 3. Nf3 Bb7 4. g3 e6 5. Bg2 Be7 6. O-O O-O 7. d5 exd5 8. Nh4 c6 9. cxd5 Nxd5 10. Nf5 Bf6 11. e4 Ne7 12. Nd6 Ba6 13. Re1 Be5 14. f4 Bxd6 15. Qxd6 Nc8 16. Qd1 Bb7 17. Nc3 d6 18. b3 Ne7 19. Bb2 d5 20. exd5 Nxd5 21. Nxd5 cxd5 22. Qg4 f6 23. Qe6+ Kh8 24. Ba3 Rg8 25. Rad1 Nc6 26. Bxd5 Qc7 27. Bd6 Qd8 28. Qxg8+ Qxg8 29. Bxg8 Rxg8 30. Bc7 Nb4 31. Rd8 Nxa2 32. Rxg8+ Kxg8 33. Ra1 Nc3 34. Rxa7 Bd5 35. Bxb6 Bxb3 36. Ra3 Ne2+ 37. Kf2 Bc4 38. Re3 1-0

[Event "November 21 Early 2023"]
[Site "https://www.chess.com"]
[Date "2023.11.21"]
[Round "11"]
[White "vinclat"]
[Black "Omariev, Maksim"]
[Result "0-1"]
[Board "97"]
[TimeControl "180+1"]
[BlackFideId "4193423"]
[WhiteElo "2378"]
[BlackElo "2527"]
[BlackTeam "RUS"]
[WhiteClock "0:00:02"]
[BlackClock "0:00:16"]

1. e4 c5 2. Nf3 d6 3. d4 cxd4 4. Nxd4 Nf6 5. Nc3 a6 6. h4 b5 7. Be3 Bb7 8. f3 e5 9. Nb3 d5 10. exd5 Nxd5 11. Nxd5 Bxd5 12. Qd2 Nc6 13. O-O-O Be6 14. Qxd8+ Rxd8 15. Rxd8+ Kxd8 16. Nc5 Bxc5 17. Bxc5 Kc7 18. Bd3 h5 19. Re1 Rd8 20. b3 g6 21. Kb2 Bf5 22. Bxf5 gxf5 23. Be3 f4 24. Bc1 f6 25. c3 Rg8 26. Re2 Kd7 27. Kc2 Ne7 28. Rd2+ Ke6 29. Ba3 Nf5 30. Bc5 a5 31. Bb6 a4 32. bxa4 bxa4 33. c4 Nxh4 34. c5 Nxg2 35. c6 Ne3+ 36. Kc1 Rg1+ 37. Kb2 Nc4+ 38. Kc3 Nxd2 39. Bxg1 Nxf3 40. Bc5 h4 41. Kb4 h3 42. Kb5 h2 43. Kb6 h1=Q 44. c7 Kd7 45. Kb7 Nd4+ 0-1

[Event "November 21 Early 2023"]
[Site "https://www.chess.com"]
[Date "2023.11.21"]
[Round "11"]
[White "RodokininEV"]
[Black "Skurikhin, Dmitrij"]
[Result "1-0"]
[Board "98"]
[TimeControl "180+1"]
[BlackFideId "4161297"]
[WhiteElo "2519"]
[BlackElo "2197"]
[BlackTeam "RUS"]
[WhiteClock "0:01:58"]
[BlackClock "0:01:10"]

1. d4 d5 2. c4 e6 3. Nc3 Nf6 4. Nf3 Nbd7 5. Bf4 dxc4 6. e3 Nb6 7. Ne5 Bd6 8. Bg5 Bxe5 9. dxe5 Qxd1+ 10. Rxd1 h6 11. exf6 hxg5 12. fxg7 Rg8 13. Nb5 Rb8 14. Nxc7+ Ke7 15. Nb5 Rxg7 16. Rc1 Bd7 17. Na3 Na4 18. Nxc4 b5 19. Ne5 Nxb2 20. Rc7 Kd6 21. Nxd7 Kxc7 22. Nxb8 Kxb8 23. Bxb5 1-0

[Event "November 21 Early 2023"]
[Site "https://www.chess.com"]
[Date "2023.11.21"]
[Round "11"]
[White "Lund, Gunnar"]
[Black "Sharafiev, Azat"]
[Result "1-0"]
[Board "99"]
[TimeControl "180+1"]
[WhiteFideId "1520814"]
[BlackFideId "4186214"]
[WhiteElo "2233"]
[BlackElo "2306"]
[WhiteTeam "NOR"]
[BlackTeam "RUS"]
[WhiteClock "0:00:31"]
[BlackClock "0:00:05"]

1. h3 d5 2. a3 e5 3. d3 g6 4. e3 Bg7 5. Nc3 Ne7 6. Bd2 O-O 7. e4 c6 8. Qc1 f5 9. Bh6 Be6 10. h4 fxe4 11. dxe4 d4 12. Nce2 Nd7 13. Ng3 Nf6 14. Bxg7 Kxg7 15. h5 Qa5+ 16. b4 Qc7 17. Nf3 Rae8 18. Qg5 h6 19. Qxe5 Qxe5 20. Nxe5 g5 21. Bd3 Nd7 22. Nf3 Ng8 23. Nxd4 Ngf6 24. O-O-O Ne5 25. Ndf5+ Kh7 26. f3 b6 27. Be2 c5 28. bxc5 bxc5 29. Rd6 Rf7 30. Bb5 Nfd7 31. Rhd1 Rb8 32. Bxd7 Bxd7 33. Rxh6+ Kg8 34. Rhd6 Ba4 35. Nh6+ Kg7 36. Nxf7 Kxf7 37. R6d5 Nc4 38. Rxc5 Nxa3 39. Rd6 Ke7 40. Nf5+ Ke8 41. h6 Rb1+ 42. Kd2 Rg1 43. h7 Rxg2+ 44. Ke3 Rh2 45. Rc8+ Kf7 46. Rc7+ Ke8 47. Ng7+ Kf8 48. Ne6+ Ke8 49. Rd8# 1-0

[Event "November 21 Early 2023"]
[Site "https://www.chess.com"]
[Date "2023.11.21"]
[Round "11"]
[White "Grossboss19"]
[Black "Koridze, Lile"]
[Result "1/2-1/2"]
[Board "100"]
[TimeControl "180+1"]
[BlackFideId "13612514"]
[WhiteElo "2509"]
[BlackElo "2061"]
[BlackTeam "GEO"]
[WhiteClock "0:00:20"]
[BlackClock "0:00:04"]

1. e4 c5 2. Nc3 d6 3. Nf3 Nf6 4. d4 cxd4 5. Nxd4 a6 6. f3 e5 7. Nde2 Be6 8. Be3 d5 9. exd5 Nxd5 10. Nxd5 Bxd5 11. Nc3 Bb4 12. Qd2 Nc6 13. O-O-O Be6 14. Qxd8+ Rxd8 15. Rxd8+ Kxd8 16. a3 Bxc3 17. bxc3 Kc7 18. Be2 Rd8 19. h4 Na5 20. Rd1 Rxd1+ 21. Kxd1 Bc4 22. Bd3 g6 23. Bc5 Bxd3 24. cxd3 f5 25. Bb4 Nc6 26. Bf8 Kd7 27. Ke2 Ke6 28. g3 b5 29. Bc5 Kd5 30. Bb6 e4 31. Bc7 exd3+ 32. Kxd3 Ne7 33. Bd8 Nc6 34. Bc7 Ne7 35. g4 fxg4 36. fxg4 h5 37. gxh5 gxh5 38. Bd8 Nf5 39. Bf6 Nd6 40. Be7 Nc4 41. Bb4 a5 42. Be7 Ke6 43. Bd8 Kd5 44. Bc7 Nxa3 45. Bxa5 Nc4 46. Bd8 Nd6 47. Ke3 Kc4 48. Bf6 Nf5+ 49. Kf4 Nxh4 50. Bxh4 Kxc3 51. Kg5 b4 52. Kxh5 b3 53. Bf6+ Kc2 54. Bg7 b2 55. Bxb2 1/2-1/2

[Event "November 21 Early 2023"]
[Site "https://www.chess.com"]
[Date "2023.11.21"]
[Round "11"]
[White "Zivic, Dragan"]
[Black "UNSTOPPABLE_LEGEND"]
[Result "0-1"]
[Board "101"]
[TimeControl "180+1"]
[WhiteFideId "904740"]
[WhiteElo "2073"]
[BlackElo "2503"]
[WhiteTeam "SRB"]
[WhiteClock "0:00:54"]
[BlackClock "0:00:15"]

1. c4 g6 2. Nc3 Bg7 3. d4 Nf6 4. e4 d6 5. h3 O-O 6. Bg5 c5 7. d5 e6 8. Nf3 exd5 9. exd5 Qb6 10. Qd2 Bf5 11. Be2 Ne4 12. Nxe4 Bxe4 13. O-O Qxb2 14. Rae1 Re8 15. Qxb2 Bxb2 16. Bd3 f5 17. Bxe4 fxe4 18. Nd2 Bc3 19. Rxe4 Nd7 20. Rfe1 Kf7 21. Rxe8 Rxe8 22. Rxe8 Kxe8 23. Ne4 Be5 24. f4 Bd4+ 25. Kf1 Nb6 26. Nxd6+ Kd7 27. Nxb7 Nxc4 28. Ke2 Ne3 29. g4 Nxd5 30. Kd3 Nb6 31. f5 gxf5 32. gxf5 Bg1 33. Na5 Kd6 34. Nc4+ Nxc4 35. Kxc4 Ke5 36. f6 Ke6 37. h4 h5 38. a4 Bd4 39. Kb5 Bxf6 40. Bxf6 Kxf6 41. Kxc5 Kf5 42. Kd5 Kg4 43. Ke4 a5 44. Ke3 Kxh4 45. Kf4 Kh3 46. Kf3 h4 47. Kf2 Kh2 48. Kf1 Kg3 49. Kg1 Kf3 50. Kh2 Ke3 51. Kh3 Kd3 52. Kxh4 Kc3 53. Kg3 Kb3 54. Kf3 Kxa4 55. Ke3 Kb3 56. Kd3 a4 57. Kd2 Kb2 0-1

[Event "November 21 Early 2023"]
[Site "https://www.chess.com"]
[Date "2023.11.21"]
[Round "11"]
[White "Zampronha, Wladimir Camilo"]
[Black "Kuznetsova, Olga"]
[Result "0-1"]
[Board "103"]
[TimeControl "180+1"]
[WhiteFideId "2103087"]
[BlackFideId "4191323"]
[WhiteElo "2055"]
[BlackElo "2134"]
[WhiteTeam "BRA"]
[BlackTeam "RUS"]
[WhiteClock "0:00:02"]
[BlackClock "0:01:16"]

1. e4 e6 2. d4 d5 3. Nc3 dxe4 4. Nxe4 Nd7 5. Nf3 Ngf6 6. Bd3 c5 7. Nxf6+ Nxf6 8. c3 Be7 9. dxc5 Bxc5 10. Bb5+ Bd7 11. Bxd7+ Qxd7 12. Qxd7+ Nxd7 13. Ke2 Ke7 14. Be3 Bxe3 15. Kxe3 Rhd8 16. Rhd1 Nb6 17. Ke2 Na4 18. Rxd8 Rxd8 19. Rb1 f6 20. Nd2 b5 21. Nb3 Rc8 22. Nd4 a6 23. Kd3 g6 24. Kc2 e5 25. Ne2 Rd8 26. b3 Nb6 27. Rd1 Rc8 28. Kb2 Ke6 29. Rd2 Nd5 30. Rd3 f5 31. Rh3 Rc7 32. Rd3 a5 33. Rh3 a4 34. Ka3 Ra7 35. Kb2 a3+ 36. Kc2 Rc7 37. Kd2 Rd7 38. Kc2 b4 39. c4 Nf6 40. Nc1 e4 41. f3 e3 42. f4 Rd2+ 43. Kb1 Ng4 44. Rf3 Rb2+ 45. Ka1 e2 0-1